 Dungeon Crawl Stone Soup version 0.27-a0-887-gcab673c142 (webtiles) character file.

Game seed: 9947292927690202268

31 dickylongcocking the Magician (level 3, -2/26 HPs)
             Began as a Djinni Fire Elementalist on Apr 3, 2021.
             Slain by a necrophage (5 damage)
             ... on level 2 of the Dungeon.
             The game lasted 00:01:26 (1239 turns).

dickylongcocking the Magician (DjFE)                Turns: 1239, Time: 00:01:27

Health: -2/26      AC:  3    Str:  9    XL:     3   Next: 22%
Gold:   40         EV: 12    Int: 17    God:
                   SH:  0    Dex: 15

rFire    + + .     SeeInvis .   g - +1 dagger (venom)
rCold    x . .     Faith    .   (no shield)
rNeg     . . .     Spirit   .   a - +0 robe
rPois    ∞         Reflect  .   (no helmet)
rElec    .         Harm     .   c - +0 cloak
rCorr    .         Rampage  .   (no gloves)
Will     .....                  (boots unavailable)
Stlth    ++........             (no amulet)
HPRegen  0.08/turn              (no ring)
MPRegen  0.00/turn              (no ring)

@: flying
A: fire resistance 2, cold vulnerability 1, float, innate caster, hp casting,
extra vitality 1, agile 1, strong 1
a: no special abilities


You were on level 2 of the Dungeon.
You visited 1 branch of the dungeon, and saw 2 of its levels.

You collected 40 gold pieces.

Inventory:

Hand Weapons
 e - a +0 dagger
 g - a +1 dagger of venom (weapon)
Armour
 a - a +0 robe (worn)
 c - a +0 cloak (worn)
Scrolls
 d - 2 scrolls of identify {unknown}
 f - a scroll of fear {unknown}


   Skills:
 * Level 0.4 Fighting
 - Level 2.2 Dodging
 - Level 1.8 Stealth
 * Level 3.5 Spellcasting


You couldn't memorise any spells.
You knew the following spells:

 Your Spells              Type           Power      Damage    Failure   Level
a - Foxfire               Conj/Fire      60%        2x1d7     4%          1
b - Conjure Flame         Conj/Fire      15%        6-21      12%         3
c - Inner Flame           Hex/Fire       15%        N/A       12%         3
d - Sticky Flame          Conj/Fire      15%        2d4       36%         4
e - Fireball              Conj/Fire      7%         3d5       73%         5
f - Freeze                Ice            60%        1d8       4%          1
Your spell library was empty.

Dungeon Overview and Level Annotations

Branches:
Dungeon (2/15)

Altars:


Innate Abilities, Weirdness & Mutations

You are immune to poison.
Your flesh is very heat resistant. (rF++)
You are vulnerable to cold. (rC-)
You float through the air rather than walking.
You learn spells naturally, not from books.
Your magical power is your life essence.
You have superior vitality. (+4 HP)
You are agile. (Dex +2)
Your muscles are strong. (Str +2)


Message History

Confirm with . or Enter, or press ? or * to list all spells.
You conjure some foxfire!
The necrophage hits you.
Unknown command.
The foxfire hits the necrophage.
The necrophage is moderately damaged.
The foxfire hits the necrophage.
The necrophage is heavily damaged.
Casting: Foxfire (safe; 4% risk of failure)
Confirm with . or Enter, or press ? or * to list all spells.
You conjure some foxfire!
The necrophage completely misses you.
Unknown command.
Unknown command.
Unknown command.
Unknown command.
Your foxfire dissipates!
The foxfire hits the necrophage.
The necrophage is heavily damaged.
Casting: Foxfire (safe; 4% risk of failure)
Confirm with . or Enter, or press ? or * to list all spells.
You conjure some foxfire!
The necrophage hits you.
* * * LOW HITPOINT WARNING * * *
Unknown command.
Unknown command.
Press: ? - help, v - describe, . - travel
Here: a necrophage (heavily damaged, ally target)
The floor.
It was a potion of mutation.
You feel extremely strange.
You feel stronger.
You feel agile.
The foxfire hits the necrophage.
The necrophage is severely damaged.
The foxfire hits the necrophage.
The necrophage is severely damaged.
The necrophage hits you.
* * * LOW HITPOINT WARNING * * *
Unknown command.
Press: ? - help, v - describe, . - travel
Here: a necrophage (severely damaged)
The floor.
The necrophage hits you.
You die...

##### ####### #.###
#...#####.....### ##...###
#...............######......##
#.............................
####.#..............#####......##
.......................##........
.............###.......##...†....
.......).......#n......##....._..
..##....).......@##.########.....
..##.....###.#.......... #.⌠...
............>........... #.#...
....<........#...........# #.##..
.....).......#...........# #.....
.............#...........# .####.
....########.#.#....#.... . #.
#... .. #.#.#.......###. #..
....#...........(...


You could see a necrophage.

Vanquished Creatures
  2 dart slugs (D:1)
  3 ball pythons (D:1)
  An endoplasm (D:1)
  6 goblins
  2 hobgoblins (D:1)
  A quokka (D:2)
  2 bats
  6 kobolds
  3 rats
26 creatures vanquished.

Vanquished Creatures (others)
  78 foxfires
78 creatures vanquished.

Grand Total: 104 creatures vanquished

Notes
Turn   | Place    | Note
-------+----------+-------------------------------------------
     0 | D:1      | dickylongcocking the Djinni Fire Elementalist began the
                  | quest for the Orb.
     0 | D:1      | Reached XP level 1. HP: 15/15 MP: 0/0
   118 | D:1      | Reached skill level 3 in Spellcasting
   239 | D:1      | Reached XP level 2. HP: 20/21 MP: 0/0
  1019 | D:2      | Reached XP level 3. HP: 20/25 MP: 0/0
  1019 | D:2      | Learned a level 1 spell: Freeze
  1197 | D:2      | Found a faded altar of an unknown god.
  1212 | D:2      | Noticed a necrophage
  1227 | D:2      | Gained mutation: Your muscles are strong. (Str +2) [potion
                  | of mutation]
  1227 | D:2      | Gained mutation: You are agile. (Dex +2) [potion of
                  | mutation]
  1239 | D:2      | Slain by a necrophage

Illustrated notes

Levels and vault maps discovered:
D:1:      heliophobic_arrival_henge, layout_basic, minmay_liquid_box
D:2:      layout_basic, ebering_ecumenical_altar_abandoned,
          amcnicky_mini_corridor_feature

Skill      XL: |  1 |
---------------+----+-----
Spellcasting   | 3 |  3.5
Fighting       | |  0.4
Dodging        | |  2.2
Stealth        | |  1.8

Action                   || total
-------------------------++-------
Melee: Unarmed           ||     4
       Dagger            ||     3
 Cast: Foxfire           ||    46
  Use: Potion            ||     1
Armor: Robe              ||     2
Dodge: Dodged            ||     5

Table legend: (Time is in decaauts)
 A = Elapsed time spent in this place.
 B = Non-inter-level travel time spent in this place.
 C = Inter-level travel time spent in this place.
 D = Time resting spent in this place.
 E = Time spent auto-exploring this place.
 F = Levels seen in this place.
 G = Mean time per level.
                   A        B        C        D        E       F      G
               +--------+--------+--------+--------+--------+-----+--------+
         Total |   1237 |   1223 |     14 |      0 |   1052 |   2 |  618.5 |
       Dungeon |   1237 |   1223 |     14 |      0 |   1052 |   2 |  618.5 |
               +--------+--------+--------+--------+--------+-----+--------+

Top non-repeatable levels by time:
     D:1: 1007 daAuts
     D:2: 230 daAuts
